 Dungeon Crawl Stone Soup version 0.20.0-15-g7f486f2 (webtiles) character file.

64 TheBoneZone the Skirmisher (level 3, 0/29 HPs)
             Began as a Demonspawn Berserker on June 13, 2017.
             Was a Believer of Trog.
             Slain by a goblin
             ... wielding a +0 dagger
             ... led by Robin
              (3 damage)
             ... on level 2 of the Dungeon.
             The game lasted 00:05:56 (1663 turns).

TheBoneZone the Skirmisher (Demonspawn Berserker)   Turns: 1663, Time: 00:05:57

Health: 0/29       AC:  6    Str: 17    XL:     3   Next: 91%
Magic:  3/3        EV: 12    Int:  8    God:    Trog [**....]
Gold:   52         SH:  0    Dex: 13    Spells: 2/2 levels left

rFire    . . .     SeeInvis .   a - +0 spear
rCold    . . .     Gourm    .   (no shield)
rNeg     . . .     Faith    .   b - +0 animal skin
rPois    .         Spirit   .   (no helmet)
rElec    .         Reflect  .   (no cloak)
rCorr    .         Harm     .   j - +1 pair of gloves
MR       .....                  (no boots)
Stlth    +.........             (no amulet)
Regen    0.1/turn               (no ring)
MPRegen  0.1/turn               (no ring)

@: no status effects
A: claws 1, iridescent scales 1
a: Berserk, Trog's Hand, Burn Spellbooks, Renounce Religion


You were on level 2 of the Dungeon.
You worshipped Trog.
Trog was pleased with you.
You were full.

You visited 1 branch of the dungeon, and saw 2 of its levels.

You collected 52 gold pieces.

Inventory:

Hand Weapons
 a - a +0 spear (weapon)
Armour
 b - a +0 animal skin (worn)
 j - a +1 pair of gloves (worn)
Scrolls
 e - 2 scrolls of teleportation {unknown}
 g - a scroll of enchant weapon {unknown}
 h - 3 scrolls of enchant armour {unknown}
 k - a scroll of remove curse {unknown}
 n - a scroll of magic mapping {unknown}
 o - a scroll of immolation {unknown}
Potions
 c - 2 potions of heal wounds {unknown}
 d - 3 potions of lignification {unknown}
 f - a potion of brilliance {unknown}
 l - 2 potions of mutation {unknown}
 m - 2 potions of cancellation {unknown}
Comestibles
 i - a fruit


   Skills:
 + Level 3.6 Fighting
 + Level 3.4 Polearms
 + Level 2.0 Armour
 + Level 2.2 Dodging
 + Level 0.6 Stealth


You had 2 spell levels left.
You didn't know any spells.

Dungeon Overview and Level Annotations

Branches:
Dungeon (2/15)

Altars:

Annotations:
D:2 Robin


Innate Abilities, Weirdness & Mutations

You have sharp fingernails.
You are partially covered in iridescent scales. (AC +2)


Message History

The goblin closely misses you. The hobgoblin barely misses you.
Robin throws the goblin at you!
You barely miss the goblin. The goblin closely misses you.
The goblin misses you. The goblin hits you with a dagger.
The goblin misses you.
You closely miss the goblin. The hobgoblin hits you with a club!
* * * LOW HITPOINT WARNING * * *
The goblin hits you but does no damage. The goblin closely misses you. x2
The hobgoblin closely misses you. The goblin barely misses you.
You hit the goblin.
The goblin is severely wounded.
The goblin misses you.
The hobgoblin hits you but does no damage.
The goblin closely misses you. x2; The goblin barely misses you.
The hobgoblin barely misses you. The goblin hits you but does no damage.
You closely miss the goblin.
The goblin is severely wounded.
The goblin barely misses you. The hobgoblin misses you. The goblin misses you.
The goblin hits you with a dagger.
You die...

............#..
...............
g.......#......
............. ...........
#.... #g........ ....
!.######.gg...... ....
.........ggg........ ...
.........g@g.####.....# #..
.........gg#..........# #..
...........#..........###..
.(.......#.#...........†...
#.........#..........####.
#.........#...............
#.....)...#...............
#.........#...............
#.........#......##.......


You could see Robin, 3 hobgoblins and 6 goblins.

Vanquished Creatures
  2 adders (D:2)
  2 dart slugs (D:1)
  3 leopard geckos
  9 bats
  2 giant cockroaches (D:1)
  5 goblins
  2 hobgoblins (D:1)
  A frilled lizard (D:2)
  9 kobolds
  6 rats
  A plant (D:1)
42 creatures vanquished.

Vanquished Creatures (others)
  3 plants (D:1)
3 creatures vanquished.

Grand Total: 45 creatures vanquished

Notes
Turn   | Place    | Note
-------+----------+-------------------------------------------
     0 | D:1      | TheBoneZone the Demonspawn Berserker began the quest for the Orb.
     0 | D:1      | Reached XP level 1. HP: 18/18 MP: 1/1
   110 | D:1      | Gained mutation: You have sharp fingernails. [demonic ancestry]
   110 | D:1      | Reached XP level 2. HP: 23/24 MP: 2/2
   538 | D:1      | Gained mutation: You are partially covered in iridescent scales. (AC +2) [demonic ancestry]
   538 | D:1      | Reached XP level 3. HP: 28/29 MP: 3/3
   850 | D:1      | Reached ** piety under Trog
  1324 | D:2      | Found a faded altar of an unknown god.
  1651 | D:2      | Noticed Robin
  1663 | D:2      | Slain by a goblin

Skill      XL: |  1  2 |
---------------+-------+-----
Armour         | 2 |  2.0
Polearms       | 3 |  3.4
Dodging        | 2 |  2.2
Fighting       | |  3.6
Stealth        | |  0.6

Action                   || total
-------------------------++-------
Melee: Spear             ||   311
 Stab: Sleeping          ||     1
  Eat: Bread ration      ||     2
Armor: Animal skin       ||    41
Dodge: Dodged            ||   155
